AoeStats
← K

Arena

508936672Analyzed
4v4 RM · 9d ago on Sep 24, 2026· 50m 7s· 8 players
Game mode
Random Map
Map size
Large (8 player)
Population
200
Speed
Normal
Resources
Standard
Victory
Conquest
Starting age
Dark Age
Ending age
Imperial Age
RankedLock teamsTeams togetherTeam positionsShared explorationLock speedFull tech treeHidden civsTurbo modeCheats
Victory
Defeat
🇲🇽 Vikings · Mexico
1235
+15
🇧🇷 Persians · Brazil
1224
+16
🇨🇳 Saxons · China
1224
+16
🇬🇧 Teutons · United Kingdom
1223
+16
🇨🇳 Franks · China
1250
-17
🇲🇽 Mongols · Mexico
1235
-16
🇬🇧 Teutons · United Kingdom
1205
-15
🇹🇼 Cumans · Taiwan
1199
-15
SombreWeb
9:57 Feudal Age
13:46 Castle Age
12:04 Double-Bit Axe
12:20 Horse Collar
19:31 Bow Saw
19:10 Loom
20:23 Scale Barding Armor
20:53 Forging
22:39 Gold Mining
24:22 Iron Casting
24:41 Chain Barding Armor
25:35 Bloodlines
27:35 Wheelbarrow
34:00 Imperial Age
33:46 Hand Cart
33:44 Pikeman
34:24 Squires
34:10 Arson
34:27 Scale Mail Armor
34:38 Town Watch
35:55 Town Patrol
35:18 Halberdier
37:02 Blast Furnace
36:19 Chain Mail Armor
35:33 Cavalier
38:07 Two-Man Saw
37:08 Heavy Plow
37:34 Fletching
39:13 Crop Rotation
40:32 Ballistics
41:13 Chemistry
41:11 Heavy Scorpion
44:26 Conscription
44:31 Ironclad
44:51 Hoardings
45:48 Siege Engineers
45:54 Masonry
45:44 Bodkin Arrow
46:24 Plate Mail Armor
laofengzi
10:18 Feudal Age
14:42 Castle Age
13:30 Double-Bit Axe
21:09 Horse Collar
28:15 Imperial Age
26:27 Wheelbarrow
26:10 Loom
26:11 Town Watch
26:30 Scale Mail Armor
26:41 Forging
27:28 Chain Mail Armor
27:08 Gambesons
27:23 Squires
27:19 Gold Mining
27:21 Stone Mining
28:49 Iron Casting
28:46 Fortified Wall
28:16 Treadmill Crane
29:20 Conscription
28:45 Shield Wall
30:19 Elite Varangian Guard
31:39 Plate Mail Armor
31:26 Arson
35:46 Fletching
35:57 Padded Archer Armor
38:12 Hand Cart
38:10 Bow Saw
38:02 Heavy Plow
37:43 Crossbowman
38:32 Arbalester
39:09 Bodkin Arrow
39:30 Leather Archer Armor
40:11 Bracer
39:36 Elite Skirmisher
41:48 Chemistry
41:41 Ring Archer Armor
42:16 Ballistics
MattVini
12:41 Feudal Age
13:23 Double-Bit Axe
13:23 Horse Collar
16:40 Castle Age
16:07 Wheelbarrow
17:26 Bow Saw
17:20 Heavy Plow
18:35 Stone Mining
20:41 Gold Mining
22:44 Loom
25:43 Gold Shaft Mining
25:43 Hand Cart
29:48 Imperial Age
28:00 Scale Barding Armor
28:06 Forging
28:49 Stone Shaft Mining
29:15 Chain Barding Armor
30:21 Iron Casting
30:34 Conscription
43:51 Elite War Elephant
45:51 Blast Furnace
45:28 Plate Barding Armor
Imperial Skirmisher
10:56 Feudal Age
11:34 Loom
14:05 Double-Bit Axe
15:09 Town Watch
20:44 Castle Age
19:05 Fletching
21:22 Horse Collar
22:55 Scale Mail Armor
29:59 Forging
32:08 Chain Mail Armor
32:20 Bow Saw
32:11 Arson
32:27 Squires
34:25 Iron Casting
34:18 Bodkin Arrow
35:04 Heavy Plow
35:08 Padded Archer Armor
38:57 Imperial Age
36:03 Crossbowman
37:00 Gold Mining
37:43 Ballistics
38:32 Masonry
39:14 Gold Shaft Mining
39:04 Arbalester
39:50 Bracer
40:07 Stone Mining
41:27 Chemistry
45:06 Two-Man Saw
45:04 Bogsveigar
46:07 Leather Archer Armor
47:22 Ring Archer Armor
48:05 Architecture
48:08 Plate Mail Armor
50:25 Conscription
50:42 Hoardings
Parenquima
9:26 Feudal Age
9:56 Feudal Age
11:04 Double-Bit Axe
11:10 Horse Collar
13:01 Loom
15:19 Castle Age
16:29 Bow Saw
17:13 Heavy Plow
21:21 Wheelbarrow
22:23 Hand Cart
23:28 Stone Mining
25:19 Gold Mining
26:05 Stone Shaft Mining
26:39 Gold Shaft Mining
27:54 Loom
27:54 Town Watch
30:49 Imperial Age
29:03 Fletching
29:54 Bodkin Arrow
30:44 Padded Archer Armor
31:41 Town Patrol
32:30 Elite Mangudai
33:17 Husbandry
33:31 Bracer
34:34 Chemistry
34:28 Bloodlines
35:17 Masonry
34:32 Elite Mangudai
36:38 Conscription
38:05 Conscription
38:01 Leather Archer Armor
37:55 Thumb Ring
38:17 Parthian Tactics
41:36 Murder Holes
41:58 Fortified Wall
41:44 Murder Holes
oppppppfpppppp
11:28 Feudal Age
12:10 Double-Bit Axe
12:11 Horse Collar
21:42 Castle Age
21:40 Scale Barding Armor
22:43 Bow Saw
22:00 Capped Ram
24:18 Heavy Plow
29:48 Bloodlines
32:36 Imperial Age
30:55 Chain Barding Armor
30:59 Gold Mining
31:00 Stone Mining
32:01 Steppe Husbandry
32:14 Forging
33:07 Cavalier
35:10 Wheelbarrow
35:46 Two-Man Saw
36:26 Plate Barding Armor
35:48 Light Cavalry
36:52 Siege Ram
38:25 Hand Cart
37:56 Town Watch
38:45 Crop Rotation
38:53 Iron Casting
38:57 Hussar
41:19 Blast Furnace
42:43 Paladin
43:15 Onager
46:28 Fletching
47:33 Murder Holes
羊了个羊
10:50 Feudal Age
12:36 Loom
15:43 Castle Age
15:31 Double-Bit Axe
23:10 Bow Saw
25:26 Wheelbarrow
29:38 Imperial Age
27:17 Gold Mining
27:19 Stone Mining
27:56 Scale Barding Armor
28:02 Forging
28:57 Gold Shaft Mining
29:28 Hand Cart
30:21 Chain Barding Armor
30:29 Husbandry
29:57 Cavalier
30:37 Husbandry
30:52 Town Watch
32:11 Plate Barding Armor
32:50 Conscription
33:52 Chivalry
33:16 Pikeman
33:57 Squires
34:02 Scale Mail Armor
34:38 Iron Casting
34:02 Paladin
34:13 Halberdier
36:23 Chain Mail Armor
38:35 Blast Furnace
42:06 Plate Mail Armor
42:20 Gambesons
42:20 Arson
K
10:16 Feudal Age
10:17 Loom
12:26 Fletching
12:27 Double-Bit Axe
23:30 Castle Age
25:25 Forging
25:12 Gold Mining
25:36 Horse Collar
27:18 Stone Mining
33:59 Imperial Age
31:53 Scale Mail Armor
31:43 Gambesons
36:14 Squires
39:16 Wheelbarrow
43:25 Iron Casting
43:06 Onager
43:45 Town Watch
44:16 Hand Cart
45:24 Blast Furnace
44:42 Chain Mail Armor
45:26 Elite Teutonic Knight
Connection lost

Rejoining the realm…

Still unreachable

The connection could not be restored.

Session expired

The server has moved on; the page needs a fresh start.